 Dungeon Crawl Stone Soup version 0.28.0-43-g3370ac3207 (webtiles) character file.

Game seed: 5522814938830507127

27 Zeld the Firebug (level 2, -1/15 HPs)
             Began as a Deep Elf Fire Elementalist on Mar 15, 2022.
             Succumbed to a scorpion's poison
             ... on level 2 of the Dungeon.
             The game lasted 00:00:46 (1137 turns).

Zeld the Firebug (Deep Elf Fire Elementalist)       Turns: 1137, Time: 00:00:47

Health: -1/15      AC:  2    Str:  5    XL:     2   Next: 93%
Magic:  5/8        EV: 12    Int: 19    God:
Gold:   60         SH:  0    Dex: 15    Spells: 7/8 levels left

rFire   . . .      SeeInvis .   (no weapon)
rCold   . . .      Faith    .   (no shield)
rNeg    . . .      Spirit   .   a - +0 robe
rPois   .          Reflect  .   (no helmet)
rElec   .          Harm     .   (no cloak)
rCorr   .          Rampage  .   (no gloves)
Will    .....                   (no boots)
Stlth   ++........              (no amulet)
HPRegen 0.05/turn               (no ring)
MPRegen 0.11/turn               (no ring)

@: lethally poisoned (-1 -> -13), very slightly contaminated
A: no striking features
a: no special abilities


You were on level 2 of the Dungeon.
You visited 1 branch of the dungeon, and saw 2 of its levels.

You collected 60 gold pieces.

Inventory:

Armour
 a - a +0 robe (worn)
Potions
 b - a potion of flight {unknown}


   Skills:
 + Level 2.6 Dodging
 + Level 2.6 Stealth
 * Level 3.5 Spellcasting
 + Level 1.6 Conjurations
 * Level 3.8 Fire Magic


You had 7 spell levels left.
You knew the following spells:

 Your Spells              Type           Power      Damage    Failure   Level
a - Foxfire               Conj/Fire      52%        2x1d6     4%          1

Your spell library contained the following spells:

 Spells                   Type           Power      Damage    Failure   Level
 Scorch                   Fire           34%        2d7       4%          2
 Conjure Flame            Conj/Fire      13%        6-21      14%         3
 Inner Flame              Hex/Fire       10%        N/A       21%         3
 Dazzling Flash           Conj/Hex       12%        N/A       30%         3
 Flame Wave               Conj/Fire      13%        2d6       43%         4
 Agony                    Necr           3%         N/A       99%         5
 Silence                  Hex/Air        1%         N/A       99%         5


Dungeon Overview and Level Annotations

Branches:
Dungeon (2/15)

Altars:


Message History

You conjure some foxfire!
The dart slug bites you.
The foxfire hits the dart slug.
The dart slug is severely wounded.
The foxfire hits the dart slug.
You kill the dart slug!
A scorpion and an endoplasm come into view.
Casting: Foxfire (safe; 4% risk of failure)
Confirm with . or Enter, or press ? or * to list all spells.
You conjure some foxfire!
The endoplasm quivers.
The foxfire hits the scorpion.
The scorpion is lightly wounded.
The foxfire hits the scorpion but does no damage.
The scorpion is lightly wounded.
There are monsters nearby!
Casting: Foxfire (safe; 4% risk of failure)
Confirm with . or Enter, or press ? or * to list all spells.
You miscast Foxfire.
You are very lightly contaminated with residual magic.
Nothing appears to happen.
The scorpion stings you!
Ouch! That really hurt!
Okay, then.
Casting: Foxfire (safe; 4% risk of failure)
Confirm with . or Enter, or press ? or * to list all spells.
You don't know that spell.
Unknown command.
Casting: Foxfire (safe; 4% risk of failure)
Confirm with . or Enter, or press ? or * to list all spells.
You conjure some foxfire!
The scorpion closely misses you.
The foxfire hits the scorpion but does no damage.
The scorpion is lightly wounded.
The foxfire hits the scorpion.
The scorpion is moderately wounded.
The scorpion stings you.
You are lethally poisoned!
The scorpion poisons you!
* * * LOW HITPOINT WARNING * * *
You feel very sick. The scorpion closely misses you.
You die...

#.##....##.###.#....##
##
#.####......##.....##
#.#####............†§
#.#....#....[......#..
#.#.(..#...............
#.#......#.....(...####
#.#....###.....#...
#.#.....>..........
#......#.@.s.J.....
#....>.####.#......
###....# #........
#....# ######### ######


You could see a scorpion and an endoplasm.

Vanquished Creatures
  2 dart slugs (D:2)
  5 endoplasms
  2 giant cockroaches (D:1)
  A goblin (D:1)
  A hobgoblin (D:2)
  A quokka (D:1)
  A ball python (D:2)
  3 bats (D:1)
  5 frilled lizards (D:1)
  A rat (D:1)
22 creatures vanquished.

Vanquished Creatures (others)
  105 foxfires
105 creatures vanquished.

Grand Total: 127 creatures vanquished

Notes
Turn   | Place    | Note
-------+----------+-------------------------------------------
     0 | D:1      | Zeld the Deep Elf Fire Elementalist began the quest for the
                  | Orb.
     0 | D:1      | Reached XP level 1. HP: 10/10 MP: 6/6
   575 | D:1      | Reached XP level 2. HP: 15/15 MP: 4/8
   672 | D:1      | Found a faded altar of an unknown god.
  1130 | D:2      | Noticed a scorpion
  1137 | D:2      | Succumbed to a scorpion's poison

Illustrated notes

Levels and vault maps discovered:
D:1:      arrival_zaba_pyramid, layout_basic, basic_ecumenical_altar
D:2:      layout_rooms, uniq_crazy_yiuf_cottage

Action                   || total
-------------------------++-------
 Cast: Foxfire           ||    63
Dodge: Dodged            ||     4
